LetsOutscumLuxidream, neutral female scurrid Tourist -------------- |............| |............. |.._.........| |.........@h.- E -------------- LetsOutscumLuxidream the Rambler Experience level: 1 Strength: 10 Dexterity: 14 Constitution: 14 Intelligence: 13 Wisdom: 10 Charisma: 14 Health: 0(9) Energy: 2(2) Def: 0 Gold: 199 Moves: 75 Dungeon seed: f2XqZTq1M6wFZjH0 Game ID: LetsOutscumLuxidream_1498231133 Your Inventory: Coins $ - 199 gold pieces Weapons a - 42 uncursed +2 darts (in quiver) Armor e - an uncursed +0 Hawaiian shirt (being worn) Comestibles b - 6 uncursed food rations c - an uncursed orange d - an uncursed egg f - 3 uncursed chestnuts g - 2 uncursed tripe rations h - an uncursed tin of jackal meat Scrolls j - 4 uncursed scrolls of magic mapping Potions i - 2 uncursed potions of extra healing Wands m - an uncursed wand of secret door detection (0:14) Tools k - an uncursed expensive camera (0:76) l - an uncursed credit card n - an uncursed towel Spells and supernatural/magical abilities: Name Level Category Fail Memory W - pray for help -- divine ? -- Your skills at the end: Miscellaneous Skills wands [Basic] Weapon Skills dart [Basic] Spellcasting Skills Final Attributes: You were devoutly aligned. You had infravision. You were very stealthy. You are dead. Vanquished creatures: a kobold zombie Voluntary challenges: You went without food. You did not adorn yourself with jewelry or accessories. You did not cause conflict. You were not invisible. You did not have reflection. You were not displaced. You were an atheist. You never hit with a wielded weapon. You were a pacifist. You did not use tools. You did not use plumbed fixtures. You did not drink any magical draughts. You were illiterate. You never genocided any monsters. You never polymorphed an object. You never changed form. You used no wishes. You never split a pudding. You never wrote Elbereth's name. You never violated your personal moral code. Dungeon overview: The Dungeons of Doom: levels 1 to 21 Level 1 a long staircase Level 2 Level 3 a fountain Level 4 Level 5 Level 6 Level 7 Level 8 Level 9 Level 10 Level 11 Level 12 Level 13 Level 14 Level 15 Level 16 Level 17 a fountain Level 18 Level 19 Level 20 Level 21 <- You were here an altar to Offler History has recorded: On T:1 you entered the Dungeons of Doom to retrieve the Amulet of Yendor! On T:4 you reached level 2 of The Dungeons of Doom. On T:6 you reached level 3 of The Dungeons of Doom. On T:8 you reached level 4 of The Dungeons of Doom. On T:10 you reached level 5 of The Dungeons of Doom. On T:13 you reached level 6 of The Dungeons of Doom. On T:15 you reached level 7 of The Dungeons of Doom. On T:17 you reached level 8 of The Dungeons of Doom. On T:19 you reached level 9 of The Dungeons of Doom. On T:22 you reached level 10 of The Dungeons of Doom. On T:24 you reached level 11 of The Dungeons of Doom. On T:26 you reached level 12 of The Dungeons of Doom. On T:28 you reached level 13 of The Dungeons of Doom. On T:31 you reached level 14 of The Dungeons of Doom. On T:33 you reached level 15 of The Dungeons of Doom. On T:35 you reached level 16 of The Dungeons of Doom. On T:37 you reached level 17 of The Dungeons of Doom. On T:40 you reached level 18 of The Dungeons of Doom. On T:40 you entered the Rogue tribute level. On T:42 you reached level 19 of The Dungeons of Doom. On T:44 you reached level 20 of The Dungeons of Doom. On T:46 you reached level 21 of The Dungeons of Doom. Score breakdown: Gold: 0 ( 0 points) Experience: 1 level ( 0 points) Exploration: 21 levels ( 600 points) Discoveries: 1 item ( 50 points) Variety of kills: 1 monster ( 50 points) Major goal: (nothing yet) ( 0 points) Survival: died (score multiplied by 3) Total score: 2100 Latest messages: You dig a pit in the floor. You continue digging downward. You dig a hole through the floor. You fall through... You start digging downward. You continue digging downward. You dig a pit in the floor. You continue digging downward. You dig a hole through the floor. You fall through... Please move the cursor to an unknown object. Done. You kick the dwarf king. You kick the dwarf king. You miss the dwarf king. The dwarf king zaps a brass wand! The magic missile hits you! You die... Final status: Aloha LetsOutscumLuxidream the Tourist, killed by a magic missile... You died in The Dungeons of Doom on dungeon level 21 with 2100 points, and 199 pieces of gold, after 75 moves. You were level 1 with a maximum of 9 hit points when you died.